 Dungeon Crawl Stone Soup version 0.17-a0-755-g4391640 (webtiles) character file.

110 oplop the Gusty (level 4, 0/36 HPs)
             Began as a Tengu Air Elementalist on Apr 23, 2015.
             Was an Initiate of Ashenzari.
             Slain by an orc wizard
             ... wielding a +4 dagger
              (2 damage)
             ... on level 3 of the Dungeon.
             The game lasted 00:04:17 (1836 turns).

oplop the Gusty (Tengu Air Elementalist)            Turns: 1836, Time: 00:04:17

Health: 0/36       AC: 22    Str:  8    XL:     4   Next: 91%
Magic:  4/9        EV:  2    Int: 17    God:    Ashenzari [......]
Gold:   92         SH:  0    Dex: 14    Spells: 4 memorised, 0 levels left

rFire  . . .     SeeInvis .     h - +0 whip
rCold  . . .     Clarity  .     (armour currently unavailable)
rNeg   + + +     SustAb   .     (no shield)
rPois  +         Gourm    .     (helmet currently unavailable)
rElec  .         Spirit   .     (cloak currently unavailable)
rCorr  .         Warding  .     (gloves currently unavailable)
rMut   .         NoTele   +     (boots unavailable)
MR     .....                    e - amulet of regeneration
Stlth  ++........               (no ring)
                                w - ring of poison resistance

@: tree-form, very slightly contaminated, not resistant to hostile enchantments,
unstealthy
A: (beak), (talons 0)
a: Renounce Religion


You were on level 3 of the Dungeon.
You worshipped Ashenzari.
Ashenzari was noncommittal.
You were very hungry.
You were a tree.
You visited 1 branch of the dungeon, and saw 3 of its levels.

You collected 92 gold pieces.

Inventory:

Hand weapons
 h - a +0 whip (weapon)
Armour
 a - a +0 robe (melded)
 q - a +2 hat (melded)
 r - a +0 buckler
Jewellery
 e - an amulet of regeneration (around neck)
 w - a ring of poison resistance (left branch)
Scrolls
 i - a scroll of amnesia {unknown}
 j - a scroll of blinking {unknown}
 s - a scroll of enchant armour {unknown}
 t - a scroll of teleportation {unknown}
 u - a scroll of identify {unknown}
Potions
 f - 2 potions of heal wounds {unknown}
 k - 2 potions of might {unknown}
 l - a potion of lignification
 m - 2 potions of restore abilities {unknown}
 n - a potion of ambrosia {unknown}
 o - a potion of degeneration {unknown}
 p - a potion of curing {unknown}
Books
 b - a book of Air

   Spells                             Type                      Level
   a - Shock                          Conjuration/Air              1
   b - Swiftness                      Charms/Air                   2
   c - Repel Missiles                 Charms/Air                   2
   d - Flight                         Charms/Air                   3
   e - Static Discharge               Conjuration/Air              3
   f - Lightning Bolt                 Conjuration/Air              5
Comestibles
 c - 4 bread rations
 d - 3 meat rations
 g - a royal jelly
 v - a slice of pizza


   Skills:
 - Level 2.1 Dodging
 - Level 2.0 Stealth
 * Level 1.4 Shields
 + Level 2.7 Spellcasting
 + Level 2.9 Conjurations
 + Level 5.4 Air Magic


You couldn't memorise any spells.
You knew the following spells:

 Your Spells              Type           Power        Failure   Level  Hunger
a - Shock                 Conj/Air       ###.         3%          1    #......
b - Static Discharge      Conj/Air       ###.....     12%         3    ###....
r - Repel Missiles        Chrm/Air       ##....       12%         2    ##.....
s - Swiftness             Chrm/Air       ##......     12%         2    ##.....


Dungeon Overview and Level Annotations

Branches:
Dungeon (3/15)

Altars:
Ashenzari
Trog

Annotations:
D:2 exclusion: moth of wrath
D:3 Grinder


Innate Abilities, Weirdness & Mutations

((You have a beak for a mouth.))
((You have claws for feet.))


Message History

It was a potion of lignification.
You turn into a tree.
Your +2 hat melds into your body.
Your +0 robe melds into your body.
Your roots penetrate the ground.
Something hits you but does no damage.
You hear some strange, mumbled words.
A puff of flame appears from out of thin air!
The puff of flame hits you!
* * * LOW HITPOINT WARNING * * *
You closely miss something. Something hits you but does no damage.
Unknown command.
You barely miss something. Something hits you but does no damage.
You hear some strange, mumbled words.
A puff of frost appears from out of thin air!
The puff of frost hits you!
You closely miss something.
You hear some strange, mumbled words.
A puff of flame appears from out of thin air!
The puff of flame hits you!
* * * LOW HITPOINT WARNING * * *
Something hits you.
You die...

#......### #.#..##..#......#
##.....# #.#.####.#......#
#.....# #.#.# #.#..#.#.#
###...# #.#.# ##.#..#.#.# #.#.#
#.#.###...#.#.# #.#.#
#.#...........# ...#####.#.#
#.#.###...#.###
#.......#.#####.#.####.##.#
##.......)))..♣.[.........#####
#.######.#####..#####.........
# #.................#####
###################


There were no monsters in sight!

Vanquished Creatures
  Robin (D:3)
  A gnoll (D:1)
  An adder (D:2)
  2 oozes (D:2)
  A worm (D:2)
  6 orcs (D:3)
  6 bats
  3 giant cockroaches
  12 goblins
  8 hobgoblins
  4 jackals (D:2)
  A ball python (D:1)
  A giant newt (D:1)
  7 kobolds
  2 quokkas
  6 rats
62 creatures vanquished.

Notes
Turn   | Place    | Note
--------------------------------------------------------------
     0 | D:1      | oplop, the Tengu Air Elementalist, began the quest for the Orb.
     0 | D:1      | Reached XP level 1. HP: 10/10 MP: 4/4
   261 | D:1      | Reached XP level 2. HP: 15/15 MP: 0/6
   604 | D:1      | Reached XP level 3. HP: 7/19 MP: 4/7
   999 | D:2      | Reached skill level 5 in Air Magic
  1135 | D:2      | Reached XP level 4. HP: 24/24 MP: 3/8
  1199 | D:2      | Noticed a moth of wrath
  1201 | D:2      | Found a bloodstained altar of Trog.
  1581 | D:3      | Noticed Robin
  1587 | D:3      | Killed Robin
  1587 | D:3      | Reached skill level 1 in Shields
  1612 | D:3      | Learned a level 2 spell: Repel Missiles
  1615 | D:3      | Learned a level 2 spell: Swiftness
  1619 | D:3      | Learned a level 3 spell: Static Discharge
  1728 | D:3      | Found a shattered altar of Ashenzari.
  1752 | D:3      | Became a worshipper of Ashenzari the Shackled
  1788 | D:3      | Noticed Grinder
  1836 | D:3      | Slain by an orc wizard

Action                   |  1- 3 |  4- 6 || total
-------------------------+-------+-------++-------
Melee: Whip              |    37 |    53 ||    90
 Cast: Shock             |    48 |    18 ||    66
  Use: Potion            |       |     1 ||     1
 Stab: Sleeping          |       |     1 ||     1
  Eat: Chunk             |     1 |     2 ||     3
